 Dungeon Crawl Stone Soup version 0.30-a0-989-g0d87f670db (webtiles) character file.

Game seed: 11997337674293535527

1346 Jase the Cleaver (level 8, 0/66 HPs)
             Began as a Hill Orc Fighter on Apr 3, 2023.
             Blown up by Maggie (17 damage)
             ... with a mindburst bolt
             ... on level 6 of the Dungeon.
             The game lasted 00:09:07 (3445 turns).

Jase the Cleaver (Hill Orc Fighter)                 Turns: 3445, Time: 00:09:07

Health: 0/66       AC:  6    Str: 21    XL:     8   Next: 62%
Magic:  8/8        EV:  9    Int:  8    God:
Gold:   141        SH:  0    Dex: 22    Spells: 7/7 levels left

rFire   . . .      SeeInvis .    a - +0 war axe
rCold   . . .      Faith    .    (no shield)
rNeg    . . .      Spirit   .    b - +0 scale mail
rPois   .          Reflect  .    (no helmet)
rElec   .          Rampage  .    (no cloak)
rCorr   .                        (no gloves)
Will    .....                    (no boots) Stlth
                                 (no amulet)
HPRegen 0.31/turn                n - +6 ring of dexterity
MPRegen 0.11/turn                q - +6 ring of dexterity

@: mighty, hasted, very quick
A: no striking features
a: no special abilities


You were on level 6 of the Dungeon.
You visited 1 branch of the dungeon, and saw 6 of its levels.

You collected 227 gold pieces.
You spent 86 gold pieces at shops.

Inventory:

Hand Weapons
 a - a +0 war axe (weapon)
 e - a +0 sling
Missiles
 u - 8 poisoned darts (quivered)
Armour
 b - a +0 scale mail (worn)
Jewellery
 n - a +6 ring of dexterity (left hand)
 q - a +6 ring of dexterity (right hand)
Wands
 w - a wand of mindburst (5)
Scrolls
 c - 2 scrolls of enchant weapon
 f - 2 scrolls of summoning
 h - 6 scrolls of teleportation {unknown}
 i - 2 scrolls of noise {unknown}
 m - a scroll of fear {unknown}
 p - a scroll of silence {unknown}
 r - a scroll of fog {unknown}
 t - a scroll of torment {unknown}
Potions
 d - 3 potions of might
 g - 2 potions of curing
 j - a potion of cancellation
 k - a potion of brilliance
 l - a potion of haste
 s - 2 potions of lignification {unknown}


   Skills:
 - Level 3.8 Fighting
 + Level 13.2 Axes
 - Level 3.4 Armour
 - Level 3.4 Shields


You had 7 spell levels left.
You didn't know any spells.
Your spell library contained the following spells:

 Spells                   Type           Power      Damage    Failure   Level
 Magic Dart               Conj           0%         1d3       75%         1
 Searing Ray              Conj           0%         2d4       87%         2
 Dazzling Flash           Conj/Hex       0%         N/A       98%         3
 Fulminant Prism          Conj/Hex       0%         3d5       100%        4
 Iskenderun's Mystic Bla  Conj/Tloc      0%         2d3       100%        4
 Starburst                Conj/Fire      0%         6d3       100%        6


Dungeon Overview and Level Annotations

Branches:
Dungeon (7/15)
 Temple: D:4-7

Altars:
Okawaru
Qazlal
Beogh

Shops:
D:1 ?   D:3 *

Annotations:
D:6 Maggie


Message History

Grinder is almost dead.
Grinder barely misses you. Maggie barely misses you.
Blork the orc barely misses you.
You slash Grinder!
You kill Grinder!
Blork the orc barely misses you.
Maggie hits you from afar with a +0 halberd.
Your Axes skill increases to level 13!
Unknown command.
Blork the orc barely misses you.
Unknown command.
You slice Blork the orc!!
Blork the orc is heavily wounded.
Blork the orc looks braver for a moment.
Blork the orc frowns.
Blork the orc points at you and mumbles some strange words.
The puff of frost hits you.
* * * LOW HITPOINT WARNING * * *
There is an escape hatch in the floor, spattered with blood here.
Unknown command.
You hit Maggie.
Maggie is lightly wounded.
You closely miss Blork the orc.
Maggie says, "Leave now, and tell all of Margery's mercy!"
Maggie zaps a wand.
You struggle to resist.
You slash Maggie!
Maggie is moderately wounded.
You slash Blork the orc! Blork the orc closely misses you.
You slash Maggie!
Maggie is heavily wounded.
You slice Blork the orc!!
You kill Blork the orc!
Maggie points at you and mumbles some strange words.
The bolt of fire misses you.
You barely miss Maggie.
Maggie is heavily wounded.
You slash Maggie!
Maggie is severely wounded.
Maggie zaps a wand.
Your mind is blasted!
You die...

##.........
##......#...
###..........
......#...# ........#
#......###.
###.)....... ###...@.#
# #...†##@# ..###
#...#....(..
#....######..##...##.#
#.....##.....# .### ..
#............# .# .#
......##!...## .. #
.....# ##....#...
.....####......#.


You could see Maggie.

Vanquished Creatures
  Grinder (D:6)
  An orc warrior (D:4)
  2 black bears
  A centaur (D:7)
  Blork the orc (D:6)
  4 howler monkeys
  A hound (D:7)
  A jelly (D:4)
  2 orc priests
  Jessica (D:2)
  A sleepcap (D:4)
  4 orc wizards
  4 gnolls
  5 adders
  An ufetubus (D:4)
  2 worms
  4 dart slugs
  16 orcs
  3 ball pythons (D:1)
  5 bats
  2 endoplasms
  2 giant cockroaches
  2 goblins
  8 hobgoblins
  5 jackals (D:1)
  3 quokkas
  5 kobolds
  3 rats
90 creatures vanquished.

Vanquished Creatures (collateral kills)
  An ogre (D:4)
  A scorpion (D:4)
  An orc (D:4)
  A ball python (D:4)
  A kobold (D:4)
5 creatures vanquished.

Vanquished Creatures (others)
  4 toadstools (D:1)
4 creatures vanquished.

Grand Total: 99 creatures vanquished

Notes
Turn   | Place    | Note
-------+----------+-------------------------------------------
     0 | D:1      | Jase the Hill Orc Fighter began the quest for the Orb.
     0 | D:1      | Reached XP level 1. HP: 19/19 MP: 1/1
    27 | D:1      | Reached skill level 3 in Axes
    27 | D:1      | Reached XP level 2. HP: 10/27 MP: 2/2
   293 | D:1      | Reached XP level 3. HP: 31/33 MP: 3/3
   308 | D:1      | Reached skill level 4 in Axes
   375 | D:1      | Found Bavief Baurph's Magic Scroll Emporium.
   386 | D:1      | Bought a scroll of identify for 24 gold pieces
   395 | D:1      | Bought a scroll of identify for 24 gold pieces
   882 | D:2      | Noticed Jessica
   894 | D:2      | Killed Jessica
   895 | D:2      | Reached skill level 5 in Axes
   895 | D:2      | Reached XP level 4. HP: 27/40 MP: 4/4
  1342 | D:2      | Reached skill level 6 in Axes
  1596 | D:3      | Reached XP level 5. HP: 45/46 MP: 5/5
  1720 | D:3      | Found an iron altar of Okawaru.
  2065 | D:3      | Found Dafylulez's Assorted Antiques.
  2073 | D:3      | Bought a scroll of identify for 38 gold pieces
  2195 | D:3      | Found a roughly hewn altar of Beogh.
  2195 | D:3      | Found the +7 staff of the Meek {protect, meekguard}
  2200 | D:3      | Reached skill level 7 in Axes
  2323 | D:4      | Noticed an ogre
  2332 | D:4      | Reached XP level 6. HP: 52/52 MP: 6/6
  2333 | D:4      | Reached skill level 8 in Axes
  2481 | D:4      | Noticed a black bear
  2498 | D:3      | Killed a black bear
  2499 | D:3      | Reached skill level 9 in Axes
  2499 | D:3      | Reached XP level 7. HP: 48/58 MP: 7/7
  2742 | D:4      | Reached skill level 10 in Axes
  2759 | D:4      | Found a stormy altar of Qazlal.
  3029 | D:4      | Found the +1 Delatra's gloves {ID++}
  3035 | D:4      | You fall into a shaft and drop 3 floors!
  3091 | D:7      | Reached skill level 11 in Axes
  3092 | D:7      | Reached XP level 8. HP: 61/66 MP: 8/8
  3271 | D:7      | Reached skill level 12 in Axes
  3421 | D:6      | Noticed Grinder
  3423 | D:6      | Noticed Maggie
  3425 | D:6      | Noticed Blork the orc
  3437 | D:6      | Killed Grinder
  3438 | D:6      | Reached skill level 13 in Axes
  3443 | D:6      | Killed Blork the orc
  3445 | D:6      | Blown up by Maggie

Illustrated notes

Levels and vault maps discovered:
D:1:      ldierk_walled_garden_2, layout_loops_ring, serial_shops, shop_scrolls
D:2:      layout_basic, uniq_jessica
D:3:      layout_basic, mainiacjoe_overflow_surrounded_room, serial_shops,
          nicolae_shop_crystal, pf_guarded_unrand_meek
D:4:      layout_cave_pools, tgw_trog, lemuel_coloured_pillars_altar,
          pf_guarded_unrand_delatra
D:6:      minmay_chambers_of_sixes, layout_cave_pools,
          minmay_temple_entry_junction_2, corexii_hall_statues_s, uniq_grinder,
          uniq_blork_the_orc, uniq_menkaure, uniq_maggie
D:7:      layout_gridville, serial_shops, nicolae_shop_bloodbath_and_beyond,
          bh_walls_and_bars

Skill      XL: |  1  2  3  4  5  6  7  8 |
---------------+-------------------------+-----
Axes           | 3 5 6 7 9 11 13 | 13.2
Fighting       | |  3.8
Armour         | |  3.4
Shields        | |  3.4

Action                     |  1- 3 |  4- 6 |  7- 9 || total
---------------------------+-------+-------+-------++-------
  Melee: War axe           |    88 |   103 |   103 ||   294
         Punch             |       |     1 |     1 ||     2
    Use: Scroll            |     2 |     5 |     1 ||     8
         Potion            |       |       |     3 ||     3
 Armour: Scale mail        |    63 |    29 |    36 ||   128
  Dodge: Dodged            |    51 |    52 |    61 ||   164

Table legend: (Time is in decaauts)
 A = Elapsed time spent in this place.
 B = Non-inter-level travel time spent in this place.
 C = Inter-level travel time spent in this place.
 D = Time resting spent in this place.
 E = Time spent auto-exploring this place.
 F = Levels seen in this place.
 G = Mean time per level.
                   A        B        C        D        E       F      G
               +--------+--------+--------+--------+--------+-----+--------+
         Total |   3478 |   3399 |     79 |    391 |   2274 |   6 |  579.7 |
       Dungeon |   3478 |   3399 |     79 |    391 |   2274 |   6 |  579.7 |
               +--------+--------+--------+--------+--------+-----+--------+

Top non-repeatable levels by time:
     D:1: 906 daAuts
     D:3: 785 daAuts
     D:2: 714 daAuts
     D:4: 673 daAuts
     D:7: 340 daAuts
     D:6: 58 daAuts
